 Dungeon Crawl Stone Soup version 0.27-a0-604-g29a88b33a7 (webtiles) character file.

Game seed: 3249683720217818879

16410 Nixze the Tainter (level 12, -1/64 HPs)
             Began as a Spriggan Venom Mage on Mar 12, 2021.
             Was an Elder of Sif Muna.
             Slain by a five-headed hydra (6 damage)
             ... while petrified by a basilisk
             ... on level 1 of the Lair of Beasts.
             The game lasted 01:20:10 (20391 turns).

Nixze the Tainter (Spriggan Venom Mage)            Turns: 20391, Time: 01:20:11

Health: -1/64      AC:  2    Str:  4    XL:     12   Next: 9%
Magic:  17/25      EV:  4    Int: 20    God:    Sif Muna [****..]
Gold:   220        SH:  0    Dex: 17    Spells: 14/27 levels left

rFire    . . .     SeeInvis +   v - +2 dagger (venom)
rCold    . . .     Faith    .   D - +3 buckler of an ice cave {rCorr}
rNeg     + + +     Spirit   .   a - +0 robe
rPois    ∞         Reflect  .   (helmet restricted)
rElec    .         Harm     .   h - scarf {shadows}
rCorr    +         Rampage  .   (gloves unavailable)
Will     ++...                  (boots unavailable)
Stlth    +++.......             (no amulet)
HPRegen  0.20/turn              c - +4 ring of evasion
MPRegen  0.19/turn              t - ring of poison resistance

@: petrified, very quick
A: very small, unfitting armour, see invisible, speed 3
a: Renounce Religion, Channel Magic, Forget Spell, Divine Exegesis


You were on level 1 of the Lair of Beasts.
You worshipped Sif Muna.
Sif Muna was greatly pleased with you.
You visited 3 branches of the dungeon, and saw 14 of its levels.

You collected 706 gold pieces.
You spent 486 gold pieces at shops.

Inventory:

Hand Weapons
 f - a +0 hunting sling
 n - a +2 spear of venom
 v - a +2 dagger of venom (weapon)
 w - a +1 whip of holy wrath
 F - a +5 trident
 I - a +0 whip of freezing
Missiles
 d - 5 atropa-tipped darts (quivered)
 j - 134 sling bullets
 m - 286 stones
 z - 6 curare-tipped darts
 B - 19 boomerangs
 P - 36 poisoned darts
Armour
 a - a +0 robe (worn)
 h - a scarf of shadows (worn)
 D - the +3 buckler of an ice cave (worn) {rCorr}
   (You bought it in a shop on level 6 of the Dungeon)

   It provides partial protection from all sources of acid and corrosion.
Jewellery
 c - a +4 ring of evasion (right hand)
 q - an amulet of guardian spirit
 t - a ring of poison resistance (left hand)
 L - a ring of resist corrosion
 Q - a ring of flight
Wands
 p - a wand of polymorph (12)
 x - a wand of paralysis (8)
 N - a wand of flame (27)
 S - a wand of random effects (12)
Scrolls
 g - a scroll of random uselessness {unknown}
 i - 6 scrolls of fear
 k - 5 scrolls of identify
 l - 3 scrolls of fog {unknown}
 o - 4 scrolls of teleportation
 u - 4 scrolls of magic mapping
 y - 4 scrolls of amnesia {unknown}
 C - 3 scrolls of enchant weapon {unknown}
 J - a scroll of silence {unknown}
 M - a scroll of immolation {unknown}
 R - a scroll of vulnerability {unknown}
Potions
 b - 6 potions of haste
 e - 5 potions of curing
 r - 4 potions of mutation
 s - 3 potions of flight
 A - a potion of brilliance {unknown}
 E - 2 potions of might {unknown}
 G - a potion of berserk rage {unknown}
 H - 2 potions of lignification {unknown}
 K - a potion of cancellation
 O - 6 potions of ambrosia {unknown}


   Skills:
 + Level 7.6 Fighting
 + Level 7.7 Dodging
 - Level 5.0 Stealth
 - Level 7.2 Shields
 + Level 8.3 Spellcasting
 + Level 7.6 Transmutations
 - Level 3.0 Fire Magic
 - Level 2.0 Air Magic
 + Level 8.8 Poison Magic
 + Level 3.3 Invocations
 + Level 4.5 Evocations


You had 14 spell levels left.
You knew the following spells:

 Your Spells              Type           Power      Damage    Failure   Level
a - Sting                 Tmut/Pois      100%       1d8       1%          1
b - Poisonous Vapours     Pois/Air       58%        N/A       1%          2
c - Mephitic Cloud        Conj/Pois/Air  22%        N/A       5%          3
d - Ignite Poison         Fire/Tmut/Pois 34%        N/A       1%          3
e - Olgreb's Toxic Radia  Pois           43%        N/A       2%          4

Your spell library contained the following spells:

 Spells                   Type           Power      Damage    Failure   Level
 Beastly Appendage        Tmut           76%        N/A       1%          1
 Wereblood                Tmut           38%        N/A       1%          2
 Spider Form              Tmut/Pois      20%        N/A       1%          3
 Animate Skeleton         Necr           16%        N/A       9%          1
 Pain                     Necr           32%        1d5       9%          1
 Blade Hands              Tmut           19%        N/A       10%         5
 Ice Form                 Ice/Tmut       23%        N/A       17%         4
 Vampiric Draining        Necr           4%         2d6       26%         3
 Animate Dead             Necr           4%         N/A       63%         4
 Agony                    Necr           8%         N/A       93%         5


Dungeon Overview and Level Annotations

Branches:
Dungeon (12/15)            Temple (1/1) D:7            Lair (1/6) D:11
    Orc (0/2) D:9

Altars:
Ashenzari
Cheibriados
Dithmenos
Elyvilon
Fedhas
Gozag
Hepliaklqana
Kikubaaqudgha
Makhleb
Nemelex Xobeh
Okawaru
Qazlal
Ru
Sif Muna
Trog
Uskayaw
Vehumet
Wu Jian
Xom
Yredelemnul
Zin
The Shining One

Shops:
D:4 ?   D:6 =[(   D:8 *   D:9 !

Portals:
Abyss: D:4

Annotations:
D:2 exclusion: ogre
D:4 2 transporters, exclusions: ice beast and 2 more exclusions, Grinder; Sickboy's ghost, amateur MiFi


Innate Abilities, Weirdness & Mutations

You are very small and have problems with some larger weapons.
You are too small for most types of armour.
You have supernaturally acute eyesight. (SInv)
You cover ground extremely quickly. (Speed+++)


Message History

Confirm with . or Enter, or press ? or * to list all spells.
You begin to radiate toxic energy.
The five-headed hydra roars!
The basilisk gazes at you.
You are slowing down.
Unknown command.
Unknown command.
Unknown command.
Aiming: Paralyse
Press: ? - help, Shift-Dir - straight line, f - five-headed hydra, p - basilisk
Aim: a five-headed hydra (chance to affect: 25%)
The five-headed hydra resists with almost no effort.
Your toxic aura wanes.
Your limbs are stiffening.
Unknown command.
Unknown command.
Unknown command.
Unknown command.
Press: ? - help, v - describe, . - travel
Here: a basilisk (almost dead, very poisoned)
The floor.
The basilisk gazes at you. You resist with almost no effort.
You have turned to stone.
Sif Muna accepts your kill.
You feel a bit more experienced.
The five-headed hydra barely misses you. x2
The five-headed hydra bites you! The five-headed hydra bites you. x2
The five-headed hydra bites you! x2
The five-headed hydra barely misses you. x2
The five-headed hydra bites you!
The five-headed hydra completely misses you.
The five-headed hydra bites you! x2; The five-headed hydra bites you.
The five-headed hydra bites you!
* * * LOW HITPOINT WARNING * * *
The five-headed hydra bites you!
* * * LOW HITPOINT WARNING * * *
The five-headed hydra bites you!
* * * LOW HITPOINT WARNING * * *
The five-headed hydra bites you!
You die...

#.#......# .....
#...(#.#......#
....#.....#.##.....# .$...
....D...##.#.#..##### .....
#...l.#.##.##..).#.#.
.....##.......##.#..##.....
...#.....##..##..#.###....
#.......D..#.#..#...#....
##.....@.##....#...#....
#....#..##....#...#....
####.#.#........##...#>...
#.....#####...#.##...#....
#.#.### #...###....##P#.
#..## ##..#.....###### #.##
#...........###. #.#
##............## #.#
#..#....#.#...#


You could see a five-headed hydra.

Vanquished Creatures
  Gastronok (D:9)
  A boulder beetle (D:9)
  2 two-headed ogres
  Pikel (D:9)
  A manticore (D:12)
  An oklob plant (D:9)
  An elephant (D:11)
  A cyclops (D:12)
  A centaur skeleton (D:11)
  A centaur zombie (D:11)
  2 cane toads
  3 komodo dragons (Lair:1)
  A queen bee (D:10)
  2 wraiths
  3 yaks (D:11)
  3 basilisks
  2 wyverns (D:11)
  Grum (D:9)
  2 water moccasins
  A sky beast (D:10)
  3 orc warriors
  6 black bears
  A necrophage (D:7)
  An ice beast (D:7)
  5 ogres
  2 wolves (D:9)
  5 centaurs
  2 lemures (D:9)
  3 phantoms
  2 kobold brigands
  8 bullfrogs
  2 gnoll sergeants
  A wyvern skeleton (D:9)
  A water moccasin skeleton (D:6)
  8 scorpions
  36 killer bees
  7 wights
  2 howler monkeys (D:11)
  3 jellies
  5 hounds
  5 orc priests
  Jessica (D:3)
  Natasha (thrice) (D:2)
  18 orc wizards
  10 worker ants
  2 hound zombies
  13 gnolls
  13 adders
  5 shadow imps
  3 white imps
  2 ufetubi
  3 oozes
  An adder skeleton (D:7)
  An adder zombie (D:6)
  7 worms
  7 leopard geckos
  35 orcs
  A ball python (D:1)
  7 bats
  4 giant cockroaches
  7 hobgoblins
  5 jackals
  12 kobolds
  4 quokkas
  4 frilled lizards
  11 goblins
  A jackal zombie (D:6)
  A leopard gecko skeleton (D:4)
  A quokka zombie (D:5)
  15 rats
336 creatures vanquished.

Vanquished Creatures (others)
  A worker ant (D:12)
  28 fungi
  49 plants
78 creatures vanquished.

Grand Total: 414 creatures vanquished

Notes
Turn   | Place    | Note
-------+----------+-------------------------------------------
     0 | D:1      | Nixze the Spriggan Venom Mage began the quest for the Orb.
     0 | D:1      | Reached XP level 1. HP: 9/9 MP: 5/5
   182 | D:1      | Reached XP level 2. HP: 13/13 MP: 3/6
   405 | D:1      | Learned a level 2 spell: Poisonous Vapours
  1066 | D:2      | Reached XP level 3. HP: 16/16 MP: 1/8
  1129 | D:2      | Learned a level 3 spell: Mephitic Cloud
  1479 | D:2      | Noticed Natasha
  1482 | D:2      | Killed Natasha
  1483 | D:2      | Reached skill level 5 in Poison Magic
  1483 | D:2      | Reached XP level 4. HP: 21/21 MP: 2/9
  1559 | D:2      | Noticed an ogre
  1855 | D:2      | Noticed Natasha
  1867 | D:2      | Killed Natasha
  1988 | D:2      | Noticed Natasha
  1993 | D:2      | Killed Natasha
  1994 | D:2      | Reached XP level 5. HP: 18/25 MP: 3/10
  2673 | D:3      | Noticed Jessica
  2682 | D:3      | Killed Jessica
  3261 | D:3      | Reached skill level 1 in Air Magic
  3444 | D:3      | Learned a level 3 spell: Ignite Poison
  4011 | D:3      | Reached XP level 6. HP: 29/29 MP: 3/12
  4012 | D:3      | Reached skill level 1 in Fighting
  4148 | D:4      | Found Apodysiope's Magic Scroll Shoppe.
  4155 | D:4      | Bought 3 scrolls of magic mapping for 115 gold pieces
  4155 | D:4      | Bought a scroll of teleportation for 33 gold pieces
  4155 | D:4      | Bought a scroll of identify for 22 gold pieces
  4434 | D:4      | Found a sparkling altar of Nemelex Xobeh.
  4442 | D:4      | Noticed Grinder
  4490 | D:4      | Noticed an orc warrior
  4671 | D:4      | Found a transporter.
  4690 | D:4      | Noticed an ice beast
  4705 | D:4      | Killed an orc warrior
  4706 | D:4      | Reached skill level 1 in Fire Magic
  4706 | D:4      | Reached XP level 7. HP: 6/33 MP: 1/13
  5153 | D:4      | Found a transporter.
  5208 | D:4      | Found a one-way gate to the infinite horrors of the Abyss.
  5208 | D:4      | Noticed Sickboy's ghost (amateur MiFi)
  5295 | D:5      | Entered Level 5 of the Dungeon
  5663 | D:5      | Learned a level 4 spell: Olgreb's Toxic Radiance
  7220 | D:6      | Found Kisu's Jewellery Boutique.
  7280 | D:6      | Reached XP level 8. HP: 24/39 MP: 15/15
  7439 | D:6      | Found Vyudei's Antique Armour Emporium.
  7583 | D:6      | Reached skill level 5 in Dodging
  8217 | D:6      | Found Goveib's Antique Weapon Shop.
  8305 | D:6      | Reached skill level 5 in Spellcasting
  9643 | D:7      | Reached skill level 5 in Fighting
  9819 | D:7      | Reached XP level 9. HP: 47/47 MP: 5/17
 10423 | D:7      | Found a staircase to the Ecumenical Temple.
 10429 | Temple   | Entered the Ecumenical Temple
 10518 | Temple   | Became a worshipper of Sif Muna the Loreminder
 11057 | D:6      | Bought a brightly glowing buckler for 228 gold pieces
 11057 | D:6      | Identified the +3 buckler of an ice cave {rCorr} (You
                  | bought it in a shop on level 6 of the Dungeon)
 11794 | D:8      | Found Yxufrupp's Assorted Antiques.
 11823 | D:8      | Reached skill level 1 in Shields
 12704 | D:8      | Reached skill level 5 in Transmutations
 13031 | D:9      | Reached skill level 5 in Stealth
 13191 | D:9      | Noticed Pikel
 13196 | D:9      | Killed Pikel
 13196 | D:9      | Reached * piety under Sif Muna
 13383 | D:9      | Found Wukisto's Distillery.
 13390 | D:9      | Bought a potion of cancellation for 88 gold pieces
 13439 | D:9      | Found a staircase to the Orcish Mines.
 13472 | D:9      | Noticed Grum
 13482 | D:9      | Killed Grum
 13601 | D:9      | Reached XP level 10. HP: 51/53 MP: 12/20
 13883 | D:9      | Noticed a two-headed ogre
 13887 | D:9      | Killed a two-headed ogre
 13949 | D:9      | Found a blossoming altar of Fedhas.
 14311 | D:9      | Noticed an oklob plant
 14320 | D:9      | Killed an oklob plant
 14699 | D:9      | Noticed Gastronok
 14700 | D:9      | Noticed a boulder beetle
 14709 | D:9      | Killed Gastronok
 14710 | D:9      | Reached skill level 5 in Shields
 14765 | D:9      | Killed a boulder beetle
 15188 | D:10     | Entered Level 10 of the Dungeon
 15209 | D:10     | Reached XP level 11. HP: 58/58 MP: 7/22
 15329 | D:10     | Reached ** piety under Sif Muna
 15545 | D:10     | Noticed a two-headed ogre
 15551 | D:10     | Killed a two-headed ogre
 15665 | D:10     | Reached skill level 1 in Evocations
 15996 | D:10     | Reached skill level 1 in Invocations
 16070 | D:10     | Reached *** piety under Sif Muna
 17291 | D:11     | Found a staircase to the Lair.
 18721 | D:12     | Reached **** piety under Sif Muna
 19008 | D:12     | Noticed a green ugly thing
 19078 | Lair:1   | Entered Level 1 of the Lair of Beasts
 19737 | Lair:1   | Noticed a five-headed hydra
 19784 | Lair:1   | Reached XP level 12. HP: 58/63 MP: 8/25
 20391 | Lair:1   | Slain by a five-headed hydra

Illustrated notes

Levels and vault maps discovered:
D:1:      nzn_arrival_crosshair, layout_rooms
D:2:      layout_rooms, minmay_misc_feat_columns, uniq_natasha
D:3:      minmay_general_purpose_star, layout_basic, uniq_jessica
D:4:      layout_rooms, kennysheep_mini_moat, serial_shops, shop,
          gammafunk_ghost_abyssal_escape, uniq_grinder
D:5:      layout_cave_pods
D:6:      layout_gridville, serial_shops, shop,
          nicolae_shop_competitors_out_of_business, nicolae_shop_trees
D:7:      cheibrodos_iron_armory, layout_layer_cave, minmay_temple_entry_fiery,
          kennysheep_generic_room_13
D:8:      layout_basic, serial_shops, nicolae_shop_overgrown_old_shop
D:9:      layout_loops_ring, orc_0_dummy, serial_shops, shop, tgw_fedhas,
          uniq_pikel, uniq_gastronok, uniq_grum
D:10:     layout_roguey [special_room_bee]
D:11:     layout_stronghold, david_lair_generic
D:12:     minmay_two_paths, layout_layer_cave, lemuel_flame_loot_1, uniq_azrael
Temple:   grunt_wide_crystal_templ
Lair:1:   layout_misc_corridors, beast_lair_carwin_8

Skill      XL: |  1  2  3  4  5  6  7  8  9 10 11 |
---------------+----------------------------------+-----
Poison Magic   | 4 5 6 7 8 |  8.8
Spellcasting   | 3 4 5 6 7 8 |  8.3
Dodging        | 3 4 5 6 7 |  7.7
Transmutations | 2 3 4 5 6 7 |  7.6
Air Magic      | 1 2 |  2.0
Fighting       | 1 2 5 7 |  7.6
Fire Magic     | 1 3 |  3.0
Stealth        | 5 |  5.0
Shields        | 3 6 7 |  7.2
Evocations     | 4 |  4.5
Invocations    | 3 |  3.3

Action                   |  1- 3 |  4- 6 |  7- 9 | 10-12 || total
-------------------------+-------+-------+-------+-------++-------
Melee: Unarmed           |     5 |       |       |       ||     5
       Dagger            |    17 |       |   196 |   137 ||   350
       Club              |     2 |       |       |       ||     2
       Spear             |     3 |    49 |       |       ||    52
       Whip              |       |       |    15 |       ||    15
Throw: Stone             |       |     5 |       |       ||     5
       Dart              |       |       |       |     1 ||     1
 Cast: Sting             |    36 |     2 |    16 |     4 ||    58
       Poisonous Vapours |    20 |    83 |   132 |    66 ||   301
       Ignite Poison     |       |       |    21 |    48 ||    69
       Mephitic Cloud    |       |       |    17 |    36 ||    53
       Olgreb's Toxic Ra |       |       |    14 |    38 ||    52
Evoke: Wand              |       |       |       |     3 ||     3
  Use: Scroll            |       |     6 |       |       ||     6
       Potion            |       |       |     1 |       ||     1
 Stab: Sleeping          |       |       |     1 |       ||     1
Armor: Robe              |     2 |       |     6 |     6 ||    14
Dodge: Dodged            |    23 |    29 |   187 |   143 ||   382
Block: Buckler           |       |       |       |    87 ||    87

Table legend: (Time is in decaauts)
 A = Elapsed time spent in this place.
 B = Non-inter-level travel time spent in this place.
 C = Inter-level travel time spent in this place.
 D = Time resting spent in this place.
 E = Time spent auto-exploring this place.
 F = Levels seen in this place.
 G = Mean time per level.
                   A        B        C        D        E       F      G
               +--------+--------+--------+--------+--------+-----+--------+
         Total |  16951 |  16561 |    390 |   9496 |   5024 |  14 | 1210.8 |
       Dungeon |  16338 |  15958 |    380 |   9218 |   4876 |  12 | 1361.5 |
        Temple |     65 |     56 |      9 |      0 |     51 |   1 |   65.0 |
          Lair |    548 |    548 |      0 |    278 |     97 |   1 |  548.0 |
               +--------+--------+--------+--------+--------+-----+--------+

Top non-repeatable levels by time:
    D:11: 2078 daAuts
     D:7: 1982 daAuts
     D:9: 1842 daAuts
     D:5: 1599 daAuts
     D:8: 1571 daAuts
     D:3: 1449 daAuts
    D:10: 1392 daAuts
     D:2: 1218 daAuts
     D:6: 1202 daAuts
     D:4: 929 daAuts
     D:1: 766 daAuts
  Lair:1: 548 daAuts
    D:12: 303 daAuts
  Temple: 65 daAuts
